AoeStats
← beneath mariana

Enclosed

503851014Analyzed
4v4 RM · 29d ago on Sep 2, 2026· 14m 14s· 8 players
Game mode
Random Map
Map size
Large (8 player)
Population
200
Speed
Normal
Resources
Standard
Victory
Conquest
Starting age
Dark Age
Ending age
Imperial Age
RankedLock teamsTeams togetherTeam positionsShared explorationLock speedFull tech treeHidden civsTurbo modeCheats
Victory
Defeat
🇩🇪 Mongols · Germany
1570
+10
🇩🇪 Persians · Germany
1343
+20
🇩🇪 Britons · Germany
1207
+25
🇩🇪 Franks · Germany
1177
+26
🇨🇭 Persians · Switzerland
1479
-23
🇨🇳 Ethiopians · China
1451
-22
🇺🇸 Hindustanis · United States
1420
-20
🇨🇳 Wei · China
1390
-19
WingsRegained
3:42 Loom
10:11 Feudal Age
14:27 Castle Age
12:26 Double-Bit Axe
12:44 Horse Collar
13:47 Scale Barding Armor
14:06 Scale Barding Armor
13:56 Gold Mining
适才相戏尔
5:56 Loom
8:45 Feudal Age
7:33 Loom
9:18 Double-Bit Axe
10:18 Gold Mining
13:16 Town Watch
13:46 Fletching
lorddoc
7:34 Loom
9:37 Feudal Age
10:40 Double-Bit Axe
14:08 Scale Barding Armor
beneath mariana
6:28 Loom
9:21 Feudal Age
10:10 Double-Bit Axe
12:21 Gold Mining
13:40 Fletching
Naschii
7:36 Loom
10:18 Feudal Age
11:13 Double-Bit Axe
13:54 Scale Barding Armor
Falsche Haut
4:45 Loom
8:43 Feudal Age
9:47 Double-Bit Axe
12:40 Fletching
fanalhb
7:29 Loom
10:49 Feudal Age
11:26 Double-Bit Axe
13:07 Fletching
13:17 Padded Archer Armor
KickersEmden_AoE
6:18 Loom
9:03 Feudal Age
9:31 Double-Bit Axe
9:29 Horse Collar
Connection lost

Rejoining the realm…

Still unreachable

The connection could not be restored.

Session expired

The server has moved on; the page needs a fresh start.